AoeStats
← Adm_416

Arabian Desert

510867657Analyzed
1v1 RM · 15h ago on Oct 2, 2026· 70m 56s· 2 players
Game mode
Random Map
Map size
Tiny (2 player)
Population
200
Speed
Normal
Resources
Standard
Victory
Conquest
Starting age
Dark Age
Ending age
Imperial Age
RankedLock teamsTeams togetherTeam positionsShared explorationLock speedFull tech treeHidden civsTurbo modeCheats
Victory
Defeat
🇪🇸 Huns · Spain
1178
+18
🇮🇩 Mongols · Indonesia
1232
-31
texu
5:31 Loom
8:56 Feudal Age
10:53 Double-Bit Axe
12:20 Horse Collar
21:24 Castle Age
20:12 Fletching
21:07 Bloodlines
22:00 Bodkin Arrow
23:08 Padded Archer Armor
23:14 Husbandry
26:23 Thumb Ring
29:04 Leather Archer Armor
29:13 Ballistics
31:49 Scale Barding Armor
37:48 Imperial Age
40:31 Chemistry
40:25 Bracer
41:37 Chain Barding Armor
43:18 Parthian Tactics
44:34 Heavy Cavalry Archer
51:27 Plate Barding Armor
53:59 Capped Ram
54:53 Siege Ram
63:44 Forging
62:56 Light Cavalry
63:48 Hussar
65:38 Iron Casting
Adm_416
10:07 Feudal Age
10:35 Loom
12:12 Horse Collar
21:09 Castle Age
20:09 Gold Mining
20:14 Fletching
22:00 Wheelbarrow
22:16 Husbandry
22:18 Double-Bit Axe
23:48 Bodkin Arrow
25:13 Bow Saw
26:06 Bloodlines
27:54 Padded Archer Armor
28:59 Ballistics
34:03 Light Cavalry
38:32 Imperial Age
39:26 Murder Holes
39:49 Scale Barding Armor
40:00 Leather Archer Armor
39:47 Bracer
40:12 Conscription
40:34 Thumb Ring
42:46 Chemistry
43:04 Hoardings
43:39 Heavy Plow
44:55 Chain Barding Armor
44:46 Forging
46:25 Hand Cart
47:35 Iron Casting
48:25 Elite Mangudai
51:18 Gold Shaft Mining
53:22 Parthian Tactics
52:18 Elite Skirmisher
55:08 Blast Furnace
56:33 Scale Mail Armor
Connection lost

Rejoining the realm…

Still unreachable

The connection could not be restored.

Session expired

The server has moved on; the page needs a fresh start.